[Event "Titled Tuesday Blitz September 14 2021"]
[White "Tokman, Ariel"]
[Black "Jones, Gawain C B"]
[WhiteFideId "117420"]
[BlackFideId "409561"]
[WhiteElo "2293"]
[BlackElo "2657"]
[Result "0-1"]
[Round "01"]
[TimeControl "180+1"]
[Date "2021.09.15"]
[WhiteClock "0:00:10"]
[BlackClock "0:00:30"]

1. d4 Nf6 2. Bf4 c5 3. e3 g6 4. Nf3 Bg7 5. Be2 O-O 6. O-O b6 7. h3 Bb7 8. a4 d6 9. c3 Nbd7 10. Nbd2 Ne4 11. Nxe4 Bxe4 12. Qb3 e5 13. dxe5 Nxe5 14. Nxe5 dxe5 15. Rfd1 Qe7 16. Bg3 h5 17. Bc4 h4 18. Bh2 Qg5 19. Bf1 Bf3 20. Re1 Rad8 21. Kh1 Bd5 22. Qc2 f5 23. Rad1 Kh7 24. f4 Qe7 25. c4 Be4 26. Qf2 exf4 27. Qxf4 Bh6 28. Qf2 Rxd1 29. Rxd1 Rd8 30. Rxd8 Qxd8 31. Bf4 Bg7 32. Kg1 g5 33. Bh2 Qd1 34. g3 hxg3 35. Bxg3 Qxa4 36. Qe2 Kg6 37. Qd2 Qc6 38. b3 Qe6 39. h4 f4 40. exf4 gxh4 41. Bf2 Qg4+ 42. Kh2 Qf3 43. Qd6+ Kh5 0-1


[Site "https://www.chess.com"]

[Event "Titled Tuesday Blitz September 14 2021"]
[White "Urquhart, Ed"]
[Black "Hansen, Eric"]
[WhiteFideId "2603748"]
[BlackFideId "2606771"]
[WhiteElo "2184"]
[BlackElo "2568"]
[Result "0-1"]
[Round "01"]
[TimeControl "180+1"]
[Date "2021.09.15"]
[WhiteClock "0:00:14"]
[BlackClock "0:00:36"]

1. e4 c5 2. Nc3 Nc6 3. f4 g6 4. Nf3 Bg7 5. a3 e6 6. b4 b6 7. bxc5 bxc5 8. e5 d6 9. Bb5 Ne7 10. Ne4 dxe5 11. fxe5 O-O 12. Nf6+ Kh8 13. Bb2 Rb8 14. Bxc6 Rxb2 15. Be4 Ng8 16. Nxg8 Kxg8 17. O-O Bxe5 18. Nxe5 Qd4+ 19. Kh1 Qxe5 20. Bf3 Rd8 21. d3 c4 22. Re1 Qc3 23. Rc1 Ba6 24. Be2 Qxa3 25. Ra1 Ra2 26. Rxa2 Qxa2 27. Qc1 cxd3 28. cxd3 Bb7 29. Qg5 Qd5 30. Bf3 Qxg5 0-1


[Site "https://www.chess.com"]

[Event "Titled Tuesday Blitz September 14 2021"]
[White "Wachinger, Guenther"]
[Black "Demchenko, Anton"]
[WhiteFideId "4604261"]
[BlackFideId "4160258"]
[WhiteElo "2212"]
[BlackElo "2583"]
[Result "0-1"]
[Round "01"]
[TimeControl "180+1"]
[Date "2021.09.15"]
[WhiteClock "0:00:08"]
[BlackClock "0:00:47"]

1. e4 d5 2. exd5 Qxd5 3. Nc3 Qa5 4. Bc4 c6 5. d4 Bf5 6. Nf3 e6 7. Bf4 Nd7 8. O-O Ngf6 9. a3 Be7 10. Qd2 Qd8 11. Rfe1 O-O 12. Rad1 Nd5 13. Nxd5 cxd5 14. Bd3 Bxd3 15. Qxd3 Rc8 16. Ne5 Nxe5 17. Bxe5 Bd6 18. Re3 Bxe5 19. dxe5 Qg5 20. g3 Rc6 21. f4 Qg4 22. Qe2 Qxe2 23. Rxe2 Rfc8 24. c3 Rc4 25. Kf2 Kf8 26. Ke3 b5 27. Rd4 R4c7 28. Kd3 Ke7 29. Re1 g6 30. a4 Rb8 31. Ra1 bxa4 32. Rdxa4 Rxb2 33. Rxa7 Rxa7 34. Rxa7+ Kf8 35. c4 dxc4+ 36. Kxc4 Rxh2 37. Ra3 Rd2 38. Rd3 Rxd3 39. Kxd3 Ke7 40. Kd4 Kd7 41. Kc5 Kc7 42. Kb5 h6 43. Kc5 Kd7 44. Kb5 Ke7 45. Kc5 f5 46. Kd4 Kd7 47. Kc5 Kc7 48. Kb5 g5 49. fxg5 hxg5 50. Kc5 Kd7 51. Kb5 Ke7 52. Kc5 Kf7 53. Kd4 Kg6 54. Ke3 Kh6 55. Kf2 g4 56. Ke2 Kg5 57. Ke3 f4+ 58. gxf4+ Kf5 0-1


[Site "https://www.chess.com"]

[Event "Titled Tuesday Blitz September 14 2021"]
[White "Zhigalko, Sergei"]
[Black "Batsiashvili, Nino"]
[WhiteFideId "13502956"]
[BlackFideId "13602993"]
[WhiteElo "2662"]
[BlackElo "2286"]
[Result "1-0"]
[Round "01"]
[TimeControl "180+1"]
[Date "2021.09.15"]
[WhiteClock "0:02:06"]
[BlackClock "0:00:56"]

1. e4 e5 2. Nf3 Nc6 3. Bc4 Bc5 4. b4 Bxb4 5. c3 Bd6 6. d4 Nf6 7. O-O O-O 8. Re1 Qe7 9. Nh4 b6 10. Nf5 Qe8 11. Qf3 Bb7 12. Nxg7 Kxg7 13. Bh6+ Kxh6 14. Qxf6+ Kh5 15. Be2# 1-0


[Site "https://www.chess.com"]

[Event "Titled Tuesday Blitz September 14 2021"]
[White "Zia, Tahsin Tajwar"]
[Black "Sviridov_Valery"]
[WhiteFideId "10211888"]
[WhiteElo "1800"]
[BlackElo "2959"]
[Result "0-1"]
[Round "01"]
[TimeControl "180+1"]
[Date "2021.09.15"]
[WhiteClock "0:00:23"]
[BlackClock "0:02:16"]

1. d4 g6 2. e4 Bg7 3. Nf3 d6 4. c3 Nf6 5. Bd3 O-O 6. O-O Nc6 7. Nbd2 e5 8. Nc4 exd4 9. cxd4 d5 10. exd5 Nxd5 11. Bg5 f6 12. Be3 Be6 13. Rc1 Qd7 14. Re1 Rad8 15. a3 Rfe8 16. b4 a6 17. Nfd2 Nxe3 18. fxe3 Nxd4 19. exd4 Qxd4+ 20. Kh1 Qxd3 21. Re3 Qd4 22. Qe2 Bf7 23. Re1 Rxe3 24. Qxe3 Qxe3 25. Rxe3 Bxc4 26. Nxc4 Rd1+ 27. Re1 Rxe1# 0-1


[Site "https://www.chess.com"]

[Event "Titled Tuesday Blitz September 14 2021"]
[White "Zlatin, Alexander"]
[Black "Kamsky, Gata"]
[WhiteFideId "2810549"]
[BlackFideId "2000024"]
[WhiteElo "2228"]
[BlackElo "2603"]
[Result "0-1"]
[Round "01"]
[TimeControl "180+1"]
[Date "2021.09.15"]
[WhiteClock "0:00:34"]
[BlackClock "0:00:47"]

1. g3 f5 2. Bg2 Nf6 3. c4 g6 4. b3 Bg7 5. Bb2 O-O 6. d3 c5 7. Nd2 Nc6 8. Ngf3 d6 9. O-O e5 10. a3 a5 11. Bc3 h6 12. Qc1 g5 13. Qb2 Nd4 14. Rfe1 g4 15. Nh4 Kh7 16. e3 Nc6 17. b4 axb4 18. axb4 Rxa1 19. Rxa1 cxb4 20. Bxb4 f4 21. exf4 Nxb4 22. Qxb4 exf4 23. Ra8 f3 24. Nhxf3 gxf3 25. Bxf3 Qe7 26. Ne4 Nxe4 27. Bxe4+ Kh8 28. Kg2 Bd4 29. f3 Bh3+ 30. Kxh3 Rxa8 31. Qb5 Rf8 32. Qxb7 Qxb7 33. Bxb7 Rb8 34. Be4 Rb2 35. f4 Kg7 36. g4 Bg1 37. g5 hxg5 38. fxg5 Rxh2+ 39. Kg4 Be3 40. Kf5 Kf7 41. g6+ Ke7 42. Bd5 Bd4 43. Bf7 Bg7 44. Ke4 Rh4+ 45. Ke3 Bd4+ 46. Kd2 Rh2+ 0-1


[Site "https://www.chess.com"]

[Event "Titled Tuesday Blitz September 14 2021"]
[White "Bortnyk, Olexandr"]
[Black "Przybylski, Wojciech"]
[WhiteFideId "14120828"]
[BlackFideId "1117599"]
[WhiteElo "2723"]
[BlackElo "2285"]
[Result "1/2-1/2"]
[Round "02"]
[TimeControl "180+1"]
[Date "2021.09.15"]
[WhiteClock "0:00:05"]
[BlackClock "0:00:08"]

1. e4 e5 2. Bc4 Nf6 3. d3 c6 4. Nf3 Be7 5. O-O d6 6. c3 O-O 7. Re1 b5 8. Bb3 Bb7 9. d4 Nbd7 10. Bg5 Qc7 11. Nbd2 Rfe8 12. a4 a6 13. a5 Bf8 14. Nf1 h6 15. Bxf6 Nxf6 16. Ng3 exd4 17. cxd4 c5 18. e5 dxe5 19. dxe5 Rad8 20. Qc2 Nd5 21. Qf5 c4 22. Bc2 g6 23. Qg4 Nb4 24. Be4 Bc8 25. Qh4 Nd3 26. Bxd3 Rxd3 27. Ne4 Red8 28. Nf6+ Kh8 29. h3 Bg7 30. Ng5 R8d4 31. g4 Qe7 32. Re2 b4 33. Rae1 Be6 34. Re3 Rxe3 35. Rxe3 Rd2 36. Nxe6 Qxe6 37. g5 h5 38. Qe4 Bxf6 39. exf6 Qxe4 40. Rxe4 Rxb2 41. Rxc4 b3 42. Rc8+ Kh7 43. Rf8 Ra2 44. Rxf7+ Kg8 45. Rb7 Rxa5 46. Rxb3 Rxg5+ 47. Kf1 Rf5 48. Rb6 Kf7 49. Rxa6 Rxf6 50. Ra7+ Ke6 51. Kg2 Kf5 52. Kg3 g5 53. Rg7 h4+ 54. Kf3 Rd6 55. Rf7+ Kg6 56. Re7 Rf6+ 57. Kg2 Ra6 58. Re5 Rf6 59. Rb5 Rf7 60. Rb8 Rf6 61. Rg8+ Kh5 62. Rg7 Rf5 63. Re7 Rf6 64. Re5 Kg6 65. Re4 Rf5 66. Rd4 Rf6 67. Rd3 Rf5 68. Kf1 Re5 69. Rd6+ Kf5 70. Rb6 Rd5 71. Ke2 Rc5 72. Rb3 Ra5 73. Kf3 Re5 74. Rb8 Rd5 75. Rf8+ Kg6 76. Rg8+ Kf5 77. Rf8+ Kg6 78. Re8 Rd3+ 79. Re3 Rd4 80. Re5 Rf4+ 81. Kg2 Kf6 82. Rc5 Rd4 83. Rc6+ Kf5 84. Rc5+ Kf4 85. Rc3 Ra4 86. Rf3+ Ke5 87. Rf8 Ra3 88. Rf7 Rb3 89. Rf8 Rc3 90. Re8+ Kf5 91. Ra8 Rb3 92. Ra5+ Kf4 93. Ra4+ Kf5 94. Ra2 Rc3 95. Re2 Rc4 96. Re3 Rf4 97. Re8 Ra4 98. Rf8+ Kg6 99. Rg8+ Kf5 100. Rc8 Ra5 101. Rc3 Ra4 102. Kf3 Rf4+ 103. Ke3 Re4+ 1/2-1/2


[Site "https://www.chess.com"]

[Event "Titled Tuesday Blitz September 14 2021"]
[White "Bronstein, Or"]
[Black "Jobava, Baadur"]
[WhiteFideId "2815770"]
[BlackFideId "13601520"]
[WhiteElo "2234"]
[BlackElo "2731"]
[Result "0-1"]
[Round "02"]
[TimeControl "180+1"]
[Date "2021.09.15"]
[WhiteClock "0:00:09"]
[BlackClock "0:01:02"]

1. e4 e5 2. Nf3 Nf6 3. d4 exd4 4. e5 Ne4 5. Qxd4 d5 6. exd6 Nxd6 7. Nc3 Nc6 8. Qf4 g6 9. Bd2 Bg7 10. O-O-O O-O 11. h4 Be6 12. h5 Qf6 13. Qh2 Ne4 14. hxg6 Rfd8 15. Bd3 Nxd2 16. Qxh7+ Kf8 17. Rxd2 Nb4 18. gxf7 Nxa2+ 19. Nxa2 Qxb2+ 20. Kd1 Bxf7 21. Nc1 Rd5 22. Rh4 Ra5 23. Rh1 Qxc1+ 24. Ke2 Re8+ 25. Be4 Qa3 26. Rb1 Rh5 27. Kf1 Rxh7 28. Bxh7 a5 29. Rxb7 Qc1+ 0-1


[Site "https://www.chess.com"]

[Event "Titled Tuesday Blitz September 14 2021"]
[White "Deac, Bogdan-Daniel"]
[Black "deribas12345"]
[WhiteFideId "1226380"]
[WhiteElo "2605"]
[BlackElo "2604"]
[Result "1-0"]
[Round "02"]
[TimeControl "180+1"]
[Date "2021.09.15"]
[WhiteClock "0:01:08"]
[BlackClock "0:01:03"]

1. e4 e6 2. d4 d5 3. Nc3 Nf6 4. e5 Ne4 5. Nxe4 dxe4 6. Be3 c5 7. dxc5 Nd7 8. Qg4 Nxc5 9. Ne2 Qa5+ 10. Nc3 Bd7 11. O-O-O O-O-O 12. Qf4 Na4 13. Nxa4 Qxa4 14. Kb1 Bb4 15. Qxf7 Qxc2+ 16. Kxc2 Ba4+ 17. b3 1-0


[Site "https://www.chess.com"]

[Event "Titled Tuesday Blitz September 14 2021"]
[White "Demchenko, Anton"]
[Black "Jacobson, Aaron"]
[WhiteFideId "4160258"]
[BlackFideId "2089912"]
[WhiteElo "2583"]
[BlackElo "2265"]
[Result "1-0"]
[Round "02"]
[TimeControl "180+1"]
[Date "2021.09.15"]
[WhiteClock "0:00:07"]
[BlackClock "0:00:01"]

1. e4 e5 2. Nc3 Nf6 3. Bc4 Bc5 4. d3 O-O 5. Nge2 c6 6. O-O d5 7. Bb3 h6 8. h3 Qe7 9. Ng3 dxe4 10. Ncxe4 Nxe4 11. Nxe4 Bb6 12. Qh5 Kh7 13. Ng5+ Kg8 14. Qg6 hxg5 15. Bxg5 Qe6 16. Bxe6 Bxe6 17. Qh5 Nd7 18. Kh1 f6 19. Be3 Bf7 20. Qg4 Rad8 21. Rae1 Kh7 22. b3 Nc5 23. d4 Be6 24. Qh4+ Kg8 25. dxc5 Bc7 26. Rd1 Rde8 27. Qb4 Rb8 28. Rd2 Kf7 29. Rfd1 Ke7 30. Qe4 a6 31. Rd6 Bxd6 32. cxd6+ Kd7 33. c4 Rh8 34. Kg1 Rhg8 35. Qg6 Rbf8 36. Qc2 Rb8 37. c5 Rbc8 38. Qc3 Rb8 39. Qb4 Rgc8 40. f3 g5 41. Bf2 Rh8 42. Qc3 Rh5 43. a4 Rhh8 44. b4 Rhc8 45. Qd3 Rh8 46. b5 axb5 47. axb5 Rbg8 48. bxc6+ bxc6 49. Rb1 Rb8 50. Rxb8 Rh6 51. Rb7+ Kc8 52. Rc7+ Kd8 53. Qa6 Bc8 54. Qxc8# 1-0


[Site "https://www.chess.com"]

[Event "Titled Tuesday Blitz September 14 2021"]
[White "Dobrikov, Marco"]
[Black "Abdurakhmonov, Mukhammadali"]
[WhiteFideId "12950378"]
[BlackFideId "14207346"]
[WhiteElo "2101"]
[BlackElo "2241"]
[Result "0-1"]
[Round "02"]
[TimeControl "180+1"]
[Date "2021.09.15"]
[WhiteClock "0:00:48"]
[BlackClock "0:00:09"]

1. e4 e5 2. Nf3 Nc6 3. Bc4 Nf6 4. Ng5 d5 5. exd5 Na5 6. Bb5+ c6 7. dxc6 bxc6 8. Be2 h6 9. Nh3 Bd6 10. d3 O-O 11. O-O Nd5 12. Nd2 Bxh3 13. gxh3 f5 14. Kh1 Qh4 15. Bf3 e4 16. Bg2 Nf4 17. dxe4 Nxg2 18. Kxg2 Rad8 19. Nf3 Qh5 20. e5 Bxe5 21. Qe1 Bc7 22. Qe6+ Kh8 23. Qe3 Rf6 24. b3 Rg6+ 25. Kh1 Qxh3 26. Rg1 Rxg1+ 27. Kxg1 Bxh2+ 28. Kh1 Bf4+ 29. Kg1 Rd1+ 30. Ne1 Bxe3 31. Bxe3 Rxa1 32. Bd2 Nb7 33. Bc3 Qxc3 0-1


[Site "https://www.chess.com"]

[Event "Titled Tuesday Blitz September 14 2021"]
[White "Espinosa Veloz, Ermes"]
[Black "Svane, Rasmus"]
[WhiteFideId "3507424"]
[BlackFideId "4657101"]
[WhiteElo "2333"]
[BlackElo "2643"]
[Result "0-1"]
[Round "02"]
[TimeControl "180+1"]
[Date "2021.09.15"]
[WhiteClock "0:00:01"]
[BlackClock "0:00:12"]

1. e4 c6 2. d4 d5 3. e5 Bf5 4. Nf3 e6 5. Be2 Ne7 6. O-O Ng6 7. Be3 f6 8. c4 Nd7 9. cxd5 exd5 10. Re1 Be7 11. Nc3 O-O 12. exf6 Nxf6 13. Ne5 Ne4 14. Nxe4 Bxe4 15. Bg4 Qd6 16. f3 Bf5 17. Bxf5 Rxf5 18. Nxg6 Qxg6 19. Bf2 Bd6 20. Qe2 Bb4 21. Qe6+ Qxe6 22. Rxe6 Kf7 23. Re2 Re8 24. Rxe8 Kxe8 25. a3 Ba5 26. Rc1 Kd7 27. Rc2 Rf8 28. Re2 Bb6 29. Kf1 a5 30. a4 Bd8 31. b3 Bf6 32. Ke1 Ra8 33. Kd2 b5 34. Kd3 bxa4 35. bxa4 Rb8 36. Be1 Rb3+ 37. Kc2 Ra3 38. Bxa5 Rxa4 39. Be1 Ra2+ 40. Kd3 Rxe2 41. Kxe2 Bxd4 42. Kd3 c5 43. f4 Bf6 44. g4 c4+ 45. Ke3 g6 46. Bb4 Ke6 47. Bc5 Bb2 48. Bb6 Bc1+ 49. Kf3 Bd2 50. Bd4 Bb4 51. h3 Be7 52. Ke3 Bf6 53. Bb6 Kd6 54. Ba7 Kc6 55. f5 gxf5 56. gxf5 Be5 57. Bd4 Bxd4+ 58. Kxd4 Kd6 59. h4 h5 60. Kc3 Ke5 61. f6 Kxf6 62. Kd4 Ke6 63. Ke3 Ke5 64. Kf3 d4 65. Ke2 c3 0-1


[Site "https://www.chess.com"]

[Event "Titled Tuesday Blitz September 14 2021"]
[White "Florescu, Codrut-Constantin"]
[Black "Sadhwani, Raunak"]
[WhiteFideId "1202200"]
[BlackFideId "35093487"]
[WhiteElo "2243"]
[BlackElo "2517"]
[Result "0-1"]
[Round "02"]
[TimeControl "180+1"]
[Date "2021.09.15"]
[WhiteClock "0:00:15"]
[BlackClock "0:00:18"]

1. d4 Nf6 2. c4 Nc6 3. Nf3 e6 4. a3 d6 5. Nc3 g6 6. e4 Bg7 7. Be2 O-O 8. O-O e5 9. d5 Ne7 10. b4 Nd7 11. Nd2 f5 12. f3 f4 13. Nb3 g5 14. g4 h5 15. h3 Rf6 16. c5 Rh6 17. Kg2 Ng6 18. Rh1 Nh4+ 19. Kf2 Nf6 20. Bd2 Bd7 21. Qc2 a6 22. a4 Kf7 23. b5 Qh8 24. c6 bxc6 25. dxc6 Be6 26. Nd5 Nxd5 27. exd5 Bxd5 28. Bc4 Bxc4 29. Qxc4+ Ke7 30. Bb4 Nxf3 31. Kxf3 hxg4+ 32. Ke2 Rxh3 33. Rxh3 Qxh3 34. b6 Qe3+ 35. Kd1 cxb6 36. Ra2 Qf3+ 37. Re2 Rc8 38. c7 g3 39. Nd2 Qh1+ 40. Kc2 f3 41. Re3 f2 42. Qg4 Rxc7+ 43. Kb3 Qd5+ 44. Nc4 Qxc4+ 45. Qxc4 Rxc4 46. Kxc4 f1=Q+ 47. Kd5 Qd1+ 48. Ke4 Ke6 0-1


[Site "https://www.chess.com"]

[Event "Titled Tuesday Blitz September 14 2021"]
[White "Gerzhoy, Leonid"]
[Black "Bluebaum, Matthias"]
[WhiteFideId "2806126"]
[BlackFideId "24651516"]
[WhiteElo "2557"]
[BlackElo "2681"]
[Result "0-1"]
[Round "02"]
[TimeControl "180+1"]
[Date "2021.09.15"]
[WhiteClock "0:00:16"]
[BlackClock "0:01:09"]

1. d4 d5 2. c4 e6 3. Nc3 Nf6 4. Nf3 Nbd7 5. e3 a6 6. b3 b6 7. Bd3 Bb7 8. O-O Bd6 9. Bb2 O-O 10. Rc1 Qe7 11. Qe2 dxc4 12. bxc4 c5 13. Rfd1 e5 14. dxe5 Nxe5 15. Nxe5 Qxe5 16. f4 Qe6 17. Nd5 Nxd5 18. cxd5 Bxd5 19. Bxh7+ Kxh7 20. Qh5+ Kg8 21. Qxd5 Qxe3+ 22. Kh1 Bxf4 23. Qf5 Bh6 24. Rf1 Qe6 25. Qxe6 fxe6 26. Rce1 Rxf1+ 27. Rxf1 Rf8 28. Re1 Bd2 29. Rd1 c4 0-1


[Site "https://www.chess.com"]

[Event "Titled Tuesday Blitz September 14 2021"]
[White "Godzwon, Iwo"]
[Black "Andreikin, Dmitry"]
[WhiteFideId "21802483"]
[BlackFideId "4158814"]
[WhiteElo "2201"]
[BlackElo "2736"]
[Result "0-1"]
[Round "02"]
[TimeControl "180+1"]
[Date "2021.09.15"]
[WhiteClock "0:00:14"]
[BlackClock "0:00:19"]

1. e4 c5 2. Nf3 Nc6 3. d4 cxd4 4. Nxd4 Qb6 5. Nb3 Nf6 6. Bd3 e6 7. O-O a6 8. Qe2 d6 9. Kh1 h5 10. Nc3 h4 11. h3 Ne5 12. Be3 Qc7 13. f4 Nh5 14. Qf2 Ng3+ 15. Kg1 Nxd3 16. cxd3 Nxf1 17. Rxf1 Be7 18. f5 Bf6 19. Bd4 Qe7 20. Na5 O-O 21. Nc4 b5 22. Bxf6 Qxf6 23. Nxd6 b4 24. Na4 exf5 25. Nb6 Qxd6 26. Nxa8 fxe4 27. dxe4 Bb7 28. Nb6 Bxe4 29. Nc4 Qe6 30. b3 Qg6 31. Ne5 Qg5 32. Nf3 Bxf3 33. Qxf3 a5 34. Qf5 Qe3+ 35. Kh1 Qe2 36. Rf2 Qe1+ 37. Rf1 Qe2 38. Rf2 Qe3 39. Rf3 Qb6 40. Rf4 g6 41. Qd5 Qe3 42. Rf3 Qe2 43. Qxa5 Qd1+ 44. Kh2 Qd6+ 45. Kg1 Re8 46. Qb5 Re5 47. Qc4 Re1+ 48. Rf1 Qb6+ 49. Kh2 Rxf1 50. Qxf1 Qc7+ 51. Kh1 Qc2 52. Qb5 Qd2 53. Qe8+ Kg7 54. Qe5+ Kh7 55. Qf6 Qe1+ 56. Kh2 Kg8 57. Qf4 Kg7 58. Qd4+ f6 59. Qd7+ Kh6 60. Qd8 Kg5 61. Qd5+ Qe5+ 62. Qxe5+ fxe5 63. Kg1 Kf4 64. Kf2 e4 65. Ke2 Kg3 66. Kf1 e3 0-1


[Site "https://www.chess.com"]

[Event "Titled Tuesday Blitz September 14 2021"]
[White "Golubev, Mikhail"]
[Black "Ibrahimli, Murad"]
[WhiteFideId "14100983"]
[BlackFideId "13410229"]
[WhiteElo "2374"]
[BlackElo "2109"]
[Result "0-1"]
[Round "02"]
[TimeControl "180+1"]
[Date "2021.09.15"]
[WhiteClock "0:00:01"]
[BlackClock "0:00:10"]

1. e4 c5 2. Nf3 d6 3. d4 cxd4 4. Nxd4 Nf6 5. Nc3 a6 6. Bc4 e6 7. Bb3 b5 8. O-O Be7 9. Qf3 Ra7 10. Qg3 O-O 11. Bh6 Ne8 12. Rad1 Bf6 13. Be3 Rc7 14. f4 Nd7 15. Bxe6 Bxd4 16. Bb3 Bxe3+ 17. Qxe3 Bb7 18. e5 Nc5 19. exd6 Nxd6 20. Qe5 Rc6 21. Bd5 Qb6 22. Bxc6 Qxc6 23. Nd5 Nc8 24. Rf2 f6 25. Qc3 Re8 26. Rf3 Nb6 27. Nb4 Qc8 28. Re3 Ne4 29. Qxc8 Rxc8 30. Rd4 a5 31. Nd3 f5 32. c3 Nc4 33. Re1 a4 34. b3 axb3 35. axb3 Ncd6 36. c4 bxc4 37. bxc4 Rxc4 38. Rxc4 Nxc4 39. Rc1 Bd5 40. Nb4 Be6 41. Rd1 Kf7 42. Rd4 h6 43. Nd5 Bxd5 44. Rxd5 Ncd6 45. Ra5 Ke6 46. g3 g6 47. Kg2 Ne8 48. h4 h5 49. Ra6+ N4d6 50. Rb6 Nf6 51. Ra6 Nd5 52. Rc6 Kd7 53. Ra6 Ne7 54. Ra7+ Ke6 55. Ra6 Kd5 56. Ra5+ Ke6 57. Ra6 Nd5 58. Rc6 Ne3+ 59. Kf3 Ng4 60. Ra6 Nh6 61. Rb6 Nf7 62. Ra6 Kf6 63. Rb6 Kg7 64. Rc6 Ne4 65. Rc7 Kg8 66. Rc8+ Kg7 67. Rc7 Nd6 68. Rd7 Kf6 69. Rc7 Nd8 70. Rd7 N8b7 71. Rc7 Ke6 72. Rc6 Na5 73. Rc7 Nac4 74. Rg7 Kf6 75. Rc7 Nd2+ 76. Kg2 N2e4 77. Rc6 Ke6 78. Ra6 Kd5 79. Rb6 Nc4 80. Ra6 Ne3+ 0-1


[Site "https://www.chess.com"]

[Event "Titled Tuesday Blitz September 14 2021"]
[White "Grischuk, Alexander"]
[Black "Levitskiy, Andrey"]
[WhiteFideId "4126025"]
[BlackFideId "14132885"]
[WhiteElo "2757"]
[BlackElo "2340"]
[Result "1-0"]
[Round "02"]
[TimeControl "180+1"]
[Date "2021.09.15"]
[WhiteClock "0:00:36"]
[BlackClock "0:00:02"]

1. e4 e6 2. d4 d5 3. e5 c5 4. c3 Qb6 5. Nf3 Nc6 6. a3 Nh6 7. Bd3 cxd4 8. O-O Nf5 9. b4 a6 10. Re1 Be7 11. Ra2 Bd7 12. Bxf5 exf5 13. cxd4 Be6 14. Nc3 O-O 15. Na4 Qa7 16. Nc5 Bxc5 17. dxc5 Rad8 18. Nd4 Nxd4 19. Qxd4 Rc8 20. Rc2 h6 21. Rc3 Rc6 22. Rg3 Kh7 23. Qh4 Qb8 24. Rxg7+ Kxg7 25. Bxh6+ Kg8 26. Qg5+ 1-0


[Site "https://www.chess.com"]

[Event "Titled Tuesday Blitz September 14 2021"]
[White "Hansen, Eric"]
[Black "Cunha, Lucas Aguiar"]
[WhiteFideId "2606771"]
[BlackFideId "2125404"]
[WhiteElo "2568"]
[BlackElo "2361"]
[Result "1-0"]
[Round "02"]
[TimeControl "180+1"]
[Date "2021.09.15"]
[WhiteClock "0:00:05"]
[BlackClock "0:00:02"]

1. c4 e6 2. Nc3 d5 3. d4 c6 4. e3 Nf6 5. Nf3 Nbd7 6. Bd3 dxc4 7. Bxc4 b5 8. Bd3 a6 9. O-O c5 10. b3 Bb7 11. Bb2 Rc8 12. Rc1 Qa5 13. a4 b4 14. Nb1 Be7 15. Nbd2 O-O 16. Qe2 cxd4 17. Nc4 Qh5 18. Nxd4 Qh6 19. Na5 Bd6 20. h3 Ba8 21. Nac6 Nc5 22. Nxb4 Nxd3 23. Nxd3 Qg6 24. Ne1 e5 25. Ndf3 Rxc1 26. Bxc1 a5 27. Bb2 Re8 28. Qb5 Bb4 29. Bxe5 Rf8 30. Bf4 Ne4 31. Ne5 Qe6 32. N1f3 h6 33. Nd4 Qf6 34. Nd7 Qg6 35. Nxf8 Bxf8 36. Qf5 Qb6 37. Rc1 Qb7 38. Qc8 Nf6 39. Qxb7 Bxb7 40. Rc7 Bd5 41. Rc8 Nd7 42. Bd6 g5 43. Rd8 Kg7 44. Rxd7 1-0


[Site "https://www.chess.com"]

[Event "Titled Tuesday Blitz September 14 2021"]
[White "Isajevsky, Anton"]
[Black "Gupta, Abhijeet"]
[WhiteFideId "4142500"]
[BlackFideId "5010608"]
[WhiteElo "2510"]
[BlackElo "2549"]
[Result "0-1"]
[Round "02"]
[TimeControl "180+1"]
[Date "2021.09.15"]
[WhiteClock "0:00:10"]
[BlackClock "0:00:29"]

1. c4 Nf6 2. Nc3 e5 3. Nf3 Nc6 4. e3 Bb4 5. Nd5 e4 6. Ng1 a5 7. Qc2 O-O 8. Ne2 Re8 9. Ng3 d6 10. a3 Bc5 11. b3 Nxd5 12. cxd5 Ne5 13. Nxe4 Bf5 14. d3 Bb6 15. Be2 Qh4 16. O-O Nxd3 17. Bxd3 Bxe4 18. Bxe4 Rxe4 19. Bb2 Rae8 20. Rac1 f5 21. g3 Qh6 22. Qd1 Qg6 23. Qf3 Rxe3 24. fxe3 Rxe3 0-1


[Site "https://www.chess.com"]

[Event "Titled Tuesday Blitz September 14 2021"]
[White "Jones, Gawain C B"]
[Black "Oganisian, Roman"]
[WhiteFideId "409561"]
[BlackFideId "4153006"]
[WhiteElo "2657"]
[BlackElo "2204"]
[Result "1-0"]
[Round "02"]
[TimeControl "180+1"]
[Date "2021.09.15"]
[WhiteClock "0:00:49"]
[BlackClock "0:00:05"]

1. Nf3 e6 2. g3 f5 3. Bg2 Nf6 4. O-O Be7 5. d3 O-O 6. Nbd2 d6 7. e4 fxe4 8. Nxe4 Nxe4 9. dxe4 e5 10. Be3 c6 11. c4 Qe8 12. c5 Bg4 13. cxd6 Bxd6 14. Qxd6 Bxf3 15. Bxf3 Rxf3 16. Rfd1 Na6 17. Qd7 Qf7 18. Qxf7+ Rxf7 19. Rd6 Nc7 20. Rad1 Nb5 21. Rd7 Raf8 22. f4 exf4 23. gxf4 a6 24. Bc5 Re8 25. Rd8 Nc7 26. Rxe8+ Nxe8 27. Rd8 Rxf4 28. Rxe8+ 1-0


[Site "https://www.chess.com"]

[Event "Titled Tuesday Blitz September 14 2021"]
[White "Kamsky, Gata"]
[Black "Dong, Bao Nghia"]
[WhiteFideId "2000024"]
[BlackFideId "12400343"]
[WhiteElo "2603"]
[BlackElo "2414"]
[Result "1-0"]
[Round "02"]
[TimeControl "180+1"]
[Date "2021.09.15"]
[WhiteClock "0:00:10"]
[BlackClock "0:00:02"]

1. e4 e6 2. Qe2 d5 3. exd5 Qxd5 4. Nc3 Qa5 5. g3 Bd7 6. Bg2 Bc6 7. Nf3 Nd7 8. O-O Ngf6 9. d4 Be7 10. Bd2 O-O 11. a4 Qh5 12. Nb5 Bd6 13. Nxd6 cxd6 14. c4 Be4 15. Rfe1 d5 16. c5 a5 17. Bf4 Rfc8 18. Rac1 h6 19. h3 g5 20. Bd6 Rc6 21. Ne5 Qxe2 22. Rxe2 Nxe5 23. dxe5 Bxg2 24. exf6 Bxh3 25. f3 Bf5 26. g4 Bg6 27. Rh2 Rac8 28. Rd1 Kh7 29. Kf2 b6 30. Rdh1 h5 31. gxh5 Bf5 32. Rg1 Rg8 33. Rhg2 bxc5 34. Be5 Rcc8 35. Rxg5 Rxg5 36. Rxg5 Rg8 37. f4 Bc2 38. Bc7 Rxg5 39. fxg5 Bxa4 40. Bd6 Bc2 41. Bxc5 Kg8 42. Kg3 Bd1 43. Kh4 a4 44. g6 Bc2 45. Kg5 e5 46. Bd6 e4 47. Bc5 Bb3 48. Bd4 Bc4 49. Kf5 Bb5 50. h6 Bd7+ 51. Kg5 fxg6 52. f7+ Kxf7 53. h7 1-0


[Site "https://www.chess.com"]

[Event "Titled Tuesday Blitz September 14 2021"]
[White "Karttunen, Mika"]
[Black "Zhigalko, Sergei"]
[WhiteFideId "502081"]
[BlackFideId "13502956"]
[WhiteElo "2343"]
[BlackElo "2662"]
[Result "0-1"]
[Round "02"]
[TimeControl "180+1"]
[Date "2021.09.15"]
[WhiteClock "0:00:03"]
[BlackClock "0:00:14"]

1. e4 c5 2. Nf3 Nc6 3. d4 cxd4 4. Nxd4 Nf6 5. Nc3 e5 6. Ndb5 d6 7. Bg5 a6 8. Na3 b5 9. Nd5 Be7 10. Bxf6 Bxf6 11. c4 b4 12. Nc2 O-O 13. g3 a5 14. Bg2 Bg5 15. O-O Ne7 16. b3 Nxd5 17. Qxd5 Be6 18. Qd3 Qb6 19. Kh1 a4 20. f4 axb3 21. axb3 Rxa1 22. Nxa1 exf4 23. gxf4 Bf6 24. Nc2 Bc3 25. f5 Bc8 26. Ne3 Bb7 27. f6 Bxf6 28. Rxf6 gxf6 29. Nf5 Qf2 30. h3 Ra8 31. Qxd6 Bxe4 32. Qg3+ Qxg3 33. Nxg3 Ra1+ 34. Kh2 Bxg2 35. Kxg2 Ra3 36. Nh5 Rxb3 37. Nxf6+ Kg7 38. Ne4 Rc3 39. Nxc3 bxc3 0-1


[Site "https://www.chess.com"]

[Event "Titled Tuesday Blitz September 14 2021"]
[White "Keymer, Vincent"]
[Black "Silva, Miguel Antonio Neto"]
[WhiteFideId "12940690"]
[BlackFideId "1911929"]
[WhiteElo "2524"]
[BlackElo "2283"]
[Result "1-0"]
[Round "02"]
[TimeControl "180+1"]
[Date "2021.09.15"]
[WhiteClock "0:01:20"]
[BlackClock "0:01:05"]

1. Nf3 d5 2. e3 Nf6 3. c4 c6 4. Nc3 e6 5. b3 Bd6 6. Bb2 Qe7 7. Qc2 O-O 8. Be2 b6 9. Rg1 Nbd7 10. g4 Bb7 11. g5 Ne8 12. O-O-O e5 13. h4 a5 14. h5 a4 15. bxa4 g6 16. Kb1 e4 17. Nd4 Be5 18. d3 exd3 19. Bxd3 Nc5 20. cxd5 cxd5 21. Bb5 Nd6 22. Nc6 Bxc6 23. Bxc6 Rfd8 24. Bxa8 Rxa8 25. Nxd5 1-0


[Site "https://www.chess.com"]